Map: Polka LE

Players

Benguigole

  • Race: Zerg Zerg
  • Spawn Location: 5:00

ountzountz

  • Race: Zerg Zerg
  • League: Diamond
  • Spawn Location: 5:00

Massa - Winner!

  • Race: Terran Terran
  • League: Platinum
  • Spawn Location: 11:00

qqq - Winner!

  • Race: Zerg Zerg
  • Spawn Location: 11:00

VOD

Have the link to the VOD?

Description

Time

  • Played on: Nov. 14, 2020, 9:01 a.m.
  • Length: 22:55
Show
View Real Time Build Order
Export as new Build Order

Benguigole Zerg 

Build Orders: Hatch First 

Get SALT Encoding   

  12  0:00  Drone  
  13  0:13  Overlord  
  13  0:18  Drone  
  14  0:32  Drone x2  
  14  0:35  Drone  
  17  0:54  Hatchery  
  16  1:07  Spawning Pool  
  16  1:11  Drone  
  16  1:17  Extractor  
  16  1:18  Drone  
  16  1:22  Drone  
  16  1:23  Drone  
  18  1:33  Drone  
  19  1:50  Overlord  
  19  1:56  Queen  
  21  2:03  Drone  
  21  2:06  Queen  
  21  2:08  Overlord  
  24  2:12  Drone  
  25  2:25  Drone  
  26  2:32  Spine Crawler  
  25  2:39  Drone  
  25  2:40  Drone x4  
  30  2:50  Metabolic Boost  
  30  2:52  Overlord  
  30  2:53  Drone  
  31  3:03  Drone x2  
  33  3:08  Queen  
  35  3:17  Queen  
  35  3:19  Zergling x2  
  38  3:20  Zergling x6  
  38  3:26  Spore Crawler  
  40  3:29  Drone, Spore Crawler  
  40  3:30  Drone  
  41  3:37  Zergling x2  
  42  3:43  Zergling x4  
  43  4:05  Zergling x2  
  43  4:06  Zergling x6, Overlord  
  43  4:07  Overlord  
  47  4:15  Zergling x6  
  48  4:35  Zergling x2  
  48  4:36  Zergling x8  
  53  4:39  Overlord  
  53  4:48  Drone x3  
  53  4:49  Drone  
  57  5:29  Extractor  
  57  5:33  Roach Warren  
  41  6:33  Spine Crawler  
  41  6:39  Drone x6  
  46  6:42  Drone x2, Spine Crawler  
  46  6:43  Drone x7, Spine Crawler  
  46  6:44  Spine Crawler  
  46  6:45  Extractor  
  46  6:46  Extractor  
  50  6:54  Spore Crawler  
  50  7:00  Drone x4  
  53  7:02  Lair  
  53  7:03  Roach  
  55  7:09  Drone  
  55  7:10  Drone x3  
  59  7:22  Evolution Chamber  
  58  7:53  Hatchery  
  58  7:58  Zerg Ground Armor Level 1  
  57  8:07  Roach  
  57  8:08  Roach x8  
  57  8:11  Overlord  
  57  8:12  Glial Reconstitution  
  75  8:14  Overlord  
  75  8:37  Spore Crawler  
  75  8:41  Overlord x4  
  74  8:42  Drone x2  
  74  8:43  Drone x2  
  74  8:44  Drone  
  74  8:46  Drone x2  
  81  8:49  Spore Crawler  
  81  8:50  Evolution Chamber  
  81  8:51  Spore Crawler  
  78  9:06  Drone x5  
  83  9:12  Roach  
  83  9:13  Roach x3  
  83  9:17  Zerg Melee Weapons Level 1, Roach x3  
  91  9:22  Infestation Pit  
  96  9:24  Burrow  
  96  9:27  Roach x4  
  96  9:30  Tunneling Claws  
  104  9:37  Overlord  
  104  9:38  Overlord x2  
  104  9:44  Roach x3  
  104  9:45  Roach x4  
  118  9:46  Drone x2  
  118  9:47  Drone x2  
  122  9:53  Zerg Ground Armor Level 2  
  124  10:07  Roach x5  
  120  10:27  Roach x7  
  120  10:28  Roach x6  
  146  10:38  Overlord  
  146  10:39  Overlord x2  
  126  10:51  Roach x3  
  122  10:58  Roach x2  
  122  11:02  Infestor, Roach x7  
  122  11:03  Roach  
  110  11:26  Hive  
  110  11:27  Roach  
  110  11:28  Roach x6  
  110  11:31  Drone x2  
  110  11:32  Drone x3, Extractor x2  
  115  11:56  Roach x9  
  115  11:57  Roach  
  133  12:20  Roach  
  133  12:21  Roach x5  
  145  12:24  Zerg Melee Weapons Level 2  
  145  12:27  Roach x37  
  135  12:55  Roach  
  135  12:56  Roach x15  
  155  13:04  Roach x4  
  141  13:06  Ultralisk Cavern  
  141  13:11  Hatchery  
  139  13:28  Roach x15  
  137  13:35  Zerg Ground Armor Level 3  
  137  13:51  Roach x22  
  137  13:54  Roach x9  
  115  14:21  Ultralisk  
  115  14:22  Ultralisk x5  
  141  14:45  Roach  
  141  14:46  Roach x6  
  141  14:51  Queen  
  155  14:57  Ultralisk  
  119  15:42  Chitinous Plating  
  117  15:51  Drone x15  
  117  15:52  Drone x3  
  135  16:21  Ultralisk x3  
  135  16:22  Ultralisk x4  
  177  16:33  Extractor  
  177  16:34  Extractor  
  175  16:43  Roach  
  175  17:01  Anabolic Synthesis  
  175  17:18  Zerg Melee Weapons Level 3  
  175  17:21  Roach x2  
  179  17:23  Overlord x4  
  173  17:39  Adrenal Glands  
  117  18:10  Zergling x2  
  117  18:11  Zergling x40  
  117  18:12  Zergling x22  
  105  18:29  Ultralisk x4  
  129  18:45  Ultralisk x2  
  129  18:46  Ultralisk x4  
  139  19:17  Ultralisk  
  139  19:18  Ultralisk x2  
  151  19:48  Zergling x2  
  151  19:49  Zergling x32  
  167  20:09  Zergling x2  
  167  20:10  Zergling x28  
  159  20:45  Hatchery  
  153  20:55  Roach  
  153  20:56  Roach x15  
  185  21:14  Zergling x2  
  185  21:15  Zergling x14  
  162  22:14  Viper  
  162  22:15  Viper x10  
Show
View Real Time Build Order
Export as new Build Order

ountzountz Zerg 

Build Orders: Pool First, Lurkers 

Get SALT Encoding   

  12  0:00  Drone  
  13  0:12  Overlord  
  13  0:16  Drone  
  14  0:24  Extractor, Drone  
  15  0:37  Spawning Pool  
  15  0:41  Drone  
  15  1:06  Hatchery  
  14  1:12  Drone  
  14  1:13  Extractor  
  14  1:14  Drone  
  14  1:17  Drone  
  16  1:28  Queen  
  18  1:38  Drone, Zergling x2  
  20  1:44  Overlord  
  20  1:56  Drone  
  21  2:07  Drone  
  22  2:17  Drone  
  22  2:20  Drone, Queen  
  26  2:28  Drone  
  27  2:33  Drone  
  28  2:52  Drone  
  28  2:53  Drone x4  
  28  2:56  Spine Crawler  
  32  3:01  Drone  
  32  3:03  Overlord  
  33  3:06  Roach Warren, Overlord  
  32  3:20  Queen  
  34  3:29  Lair  
  34  3:30  Drone x3  
  34  3:31  Drone, Extractor  
  36  3:39  Spine Crawler  
  35  4:01  Zergling x4  
  35  4:02  Roach x3  
  32  4:34  Drone x3  
  32  4:35  Drone x7  
  42  4:44  Spore Crawler  
  41  4:48  Drone  
  41  4:49  Drone x3, Hydralisk Den  
  36  5:21  Hydralisk  
  36  5:22  Hydralisk x3  
  36  5:24  Overlord x2  
  36  5:27  Grooved Spines  
  44  5:30  Evolution Chamber  
  43  5:37  Spore Crawler  
  43  5:38  Drone  
  43  5:39  Drone  
  44  5:45  Hydralisk x2  
  44  5:46  Hydralisk x3  
  54  5:51  Drone x2  
  54  5:52  Drone  
  46  6:27  Hydralisk  
  46  6:28  Hydralisk x3  
  46  6:30  Drone x3  
  57  6:34  Extractor  
  57  6:36  Extractor  
  55  6:49  Hatchery  
  54  6:54  Zerg Missile Weapons Level 1  
  54  7:05  Overseer  
  54  7:06  Hydralisk  
  54  7:08  Drone  
  57  7:09  Drone x3  
  57  7:12  Overlord x5  
  58  7:45  Drone  
  58  7:46  Drone x6  
  58  7:47  Drone x4  
  69  7:55  Infestation Pit, Muscular Augments  
  68  8:00  Evolution Chamber  
  67  8:11  Hydralisk x4  
  67  8:12  Hydralisk x3  
  79  8:36  Hydralisk  
  79  8:37  Hydralisk  
  79  8:39  Lurker Den  
  82  8:41  Drone  
  82  8:42  Drone x5  
  82  8:43  Drone x5  
  82  8:45  Extractor, Queen  
  82  8:47  Extractor  
  93  8:57  Zerg Missile Weapons Level 2  
  93  9:31  Zerg Ground Armor Level 1  
  93  9:32  Hydralisk  
  93  9:33  Hydralisk x5  
  93  9:34  Overlord  
  93  9:35  Overlord x3  
  93  9:37  Drone  
  106  9:51  Hive  
  106  9:53  Drone x2, Overlord x2  
  106  9:59  Hatchery  
  95  10:19  Roach x3  
  95  10:20  Hydralisk x5, Roach x3  
  116  10:40  Spore Crawler  
  99  10:51  Lurker x4  
  103  10:57  Hydralisk  
  103  10:58  Hydralisk x8  
  107  11:20  Hydralisk x2  
  107  11:21  Hydralisk x6  
  119  11:46  Lurker x3  
  120  12:11  Lurker  
  120  12:13  Lurker x2  
  120  12:14  Lurker  
  120  12:50  Hatchery  
  81  13:42  Hydralisk x3  
  81  13:43  Hydralisk x12  
  81  13:44  Hydralisk x5  
  121  14:00  Queen  
  121  14:02  Seismic Spines  
  119  14:23  Overlord  
  119  14:24  Overlord x2  
  119  14:29  Hatchery  
  118  14:36  Queen  
  120  14:41  Spore Crawler  
  117  14:53  Lurker  
  117  14:54  Lurker x6  
  117  14:55  Hydralisk, Lurker x3  
  117  14:58  Overlord x4  
  98  15:36  Hydralisk x7  
  98  15:37  Hydralisk x4  
  117  16:20  Overseer  
  117  16:21  Overseer x2  
  117  16:22  Overseer  
  117  16:23  Overlord x2  
  117  16:25  Extractor  
  116  16:26  Extractor, Zerg Ground Armor Level 2  
  116  16:27  Zerg Missile Weapons Level 3  
  116  16:32  Spine Crawler  
  112  16:33  Spine Crawler  
  112  16:35  Spine Crawler  
  96  17:14  Hydralisk  
  96  17:15  Hydralisk x10  
  102  17:16  Hydralisk x2  
  74  17:55  Hydralisk  
  74  17:56  Hydralisk x7  
  77  18:06  Lurker  
  78  18:24  Lurker x2  
  78  18:38  Lurker x2  
  58  19:03  Lurker  
  58  19:04  Lurker  
  58  19:05  Hydralisk  
  58  19:06  Hydralisk x3  
  58  19:08  Overlord  
  58  19:09  Overlord  
  68  19:14  Metabolic Boost  
  68  19:19  Drone x2  
  68  19:20  Drone x3  
  73  19:25  Spore Crawler  
  73  19:26  Spine Crawler x2  
  73  19:28  Spore Crawler  
  69  19:36  Lurker x2  
  69  19:37  Lurker  
  70  20:06  Hydralisk x2  
  70  20:07  Hydralisk x6  
  83  20:42  Hydralisk  
  67  20:43  Hydralisk x6  
  70  21:17  Lurker  
  71  21:18  Hatchery  
  67  21:42  Roach  
  67  21:43  Roach x3  
Show
View Real Time Build Order
Export as new Build Order

Massa Terran - Winner!

Build Orders:  

Get SALT Encoding   

  12  0:00  SCV  
  13  0:13  SCV  
  14  0:23  Supply Depot  
  14  0:25  SCV  
  15  0:31  Refinery  
  15  0:35  Refinery  
  15  0:47  Barracks  
  15  0:51  SCV  
  16  1:03  SCV  
  17  1:16  SCV  
  18  1:28  SCV  
  19  1:41  SCV  
  19  1:44  Factory  
  20  1:47  Reaper  
  20  1:49  Supply Depot  
  22  1:57  Orbital Command  
  21  2:09  Supply Depot  
  21  2:24  Marine  
  22  2:47  Command Center  
  22  2:48  Hellion  
  24  2:51  SCV  
  25  2:58  Marine  
  25  3:04  SCV  
  27  3:09  Hellion  
  27  3:11  Starport  
  29  3:16  Marine  
  29  3:31  Hellion  
  31  3:35  SCV  
  32  3:45  Command Center  
  32  3:52  Widow Mine  
  32  3:53  SCV  
  35  3:58  Barracks  
  35  4:04  Barracks Reactor  
  35  4:05  SCV  
  30  4:29  Hellion  
  30  4:31  Orbital Command  
  30  4:32  SCV  
  31  4:39  Medivac  
  31  4:44  SCV  
  34  4:50  Hellion  
  36  4:53  Marine x2  
  36  4:55  Barracks Tech Lab  
  36  4:56  SCV  
  36  4:57  SCV  
  36  4:59  Orbital Command  
  40  5:09  SCV x2  
  40  5:11  Hellion, Marine x2  
  46  5:16  Stimpack  
  46  5:21  SCV x2  
  47  5:24  Marauder  
  47  5:27  Liberator  
  53  5:28  SCV  
  53  5:29  Marine x2  
  53  5:33  Widow Mine, SCV  
  59  5:44  SCV x2  
  59  5:45  SCV  
  59  5:47  Marine x2  
  64  5:54  Widow Mine  
  64  5:56  SCV  
  67  6:04  Marine  
  67  6:05  Marine  
  63  6:31  Widow Mine  
  65  6:33  Marauder  
  67  6:44  Marine x2  
  69  6:49  Refinery  
  69  6:50  Refinery  
  69  6:53  SCV x2  
  69  6:55  Supply Depot  
  69  6:57  Supply Depot  
  69  6:58  Supply Depot  
  69  7:17  SCV, Marauder, Marine x2  
  69  7:19  SCV  
  69  7:20  Supply Depot x2  
  69  7:22  Supply Depot  
  75  7:24  Orbital Command  
  75  7:29  SCV  
  74  7:32  SCV  
  73  7:39  Marauder  
  73  7:41  SCV  
  73  7:43  Supply Depot  
  73  7:44  SCV  
  77  7:45  Supply Depot  
  77  7:48  Supply Depot  
  73  8:27  Medivac  
  73  8:29  Marauder, Marine x2  
  73  8:33  Barracks  
  79  8:34  Barracks  
  79  8:38  Barracks  
  79  8:39  Barracks  
  79  8:41  Barracks  
  79  8:47  Marine x2  
  81  8:51  Marauder  
  83  8:57  Medivac  
  85  9:05  Marine x2  
  85  9:07  Factory  
  85  9:08  SCV x3  
  90  9:12  Marauder  
  90  9:15  Command Center  
  92  9:20  SCV x3  
  92  9:23  Marine x2  
  97  9:26  Engineering Bay  
  97  9:33  Supply Depot  
  97  9:34  Marauder  
  97  9:35  Supply Depot  
  97  9:37  Supply Depot  
  97  9:38  Supply Depot x2  
  99  9:43  Engineering Bay  
  99  9:45  Armory  
  99  9:47  Barracks Tech Lab x2  
  99  9:48  Barracks Tech Lab x3, Marine  
  99  9:49  Marine  
  101  9:55  Marauder  
  101  9:57  Supply Depot x2  
  103  10:03  Supply Depot  
  103  10:06  Marine  
  104  10:07  Marine  
  104  10:12  Armory  
  104  10:14  Factory Tech Lab  
  105  10:16  Marauder  
  107  10:24  Marine  
  107  10:25  Marine  
  107  10:36  Siege Tank  
  107  10:38  Marauder  
  107  10:42  Marine x2  
  111  10:45  Marauder x4, Marine  
  112  10:59  Starport Reactor, Marauder  
  112  11:00  Marine  
  112  11:03  Marauder  
  107  11:06  Marauder x3  
  107  11:07  Marauder  
  107  11:08  Siege Tank  
  117  11:20  Marauder  
  117  11:24  Marauder  
  121  11:27  Marauder  
  121  11:28  Marauder x3  
  129  12:01  Medivac x2  
  129  12:02  Marauder  
  129  12:03  Marauder x5  
  129  12:04  Marine x2  
  147  12:21  Marine  
  147  12:22  Marine  
  149  12:24  Marauder x4  
  149  12:25  Marauder x2  
  159  12:31  Medivac x2  
  163  12:39  Marine x2  
  163  12:41  SCV x3  
  168  12:45  Marauder, Marine x2  
  168  12:46  Marauder x2, Marine  
  135  12:53  SCV x3  
  135  12:57  Marine  
  135  12:58  Marine  
  115  12:59  Siege Tank  
  115  13:01  Medivac  
  115  13:02  Factory Tech Lab  
  115  13:03  Marauder  
  115  13:04  Marauder x2  
  115  13:05  SCV x3  
  125  13:06  Factory  
  125  13:07  Marauder x3  
  125  13:09  Refinery  
  125  13:10  Refinery  
  131  13:17  SCV x3, Marine x2  
  131  13:19  Planetary Fortress  
  136  13:25  Marauder x3  
  142  13:28  Marauder x2  
  142  13:29  SCV x2, Marauder  
  142  13:31  Siege Tank  
  153  13:35  Marine x2  
  155  13:42  Siege Tank  
  155  13:46  Marauder, Marine x2  
  162  14:03  Siege Tank  
  165  14:14  Siege Tank  
  168  14:19  Marauder x5  
  168  14:20  Marauder  
  168  14:21  Marine x2  
  168  14:23  Terran Infantry Weapons Level 1  
  182  14:25  Terran Infantry Armor Level 1  
  182  14:35  Siege Tank  
  185  14:38  Marine  
  185  14:39  Marine  
  185  14:40  Marauder  
  185  14:41  Marauder x5  
  199  14:50  Factory Tech Lab  
  199  14:56  Marine  
  132  15:23  Marauder  
  132  15:24  Marauder x3, Marine x4  
  132  15:26  Siege Tank x3  
  154  15:28  SCV x3  
  154  15:29  SCV  
  154  15:32  Refinery  
  157  15:40  SCV x2  
  157  15:41  SCV x2, Marine x2  
  157  15:42  Marine x2, Command Center  
  165  15:44  Marine  
  166  15:52  SCV  
  167  15:58  Siege Tank x3  
  176  16:20  Medivac x2  
  180  16:30  Siege Tank x3  
  183  16:50  Viking x2  
  186  17:02  Siege Tank x3  
  195  17:20  Command Center  
  194  17:34  Siege Tank  
  150  18:18  Marauder, Marine  
  150  18:19  Marauder x4, Marine x2  
  163  18:32  Refinery, Command Center  
  163  18:33  Planetary Fortress  
  163  18:36  SCV x2, Marine  
  163  18:37  SCV x2, Marine x2  
  163  18:39  Marine x3  
  163  18:40  Marine  
  175  18:48  SCV x2  
  175  18:53  Terran Infantry Armor Level 2, Terran Infantry Weapons Level 2  
  175  18:54  Terran Vehicle Weapons Level 1  
  175  18:55  Terran Vehicle And Ship Armor Level 1  
  176  19:02  Marauder x3  
  186  19:03  Marauder x3, Marine x2  
  186  19:08  Smart Servos  
  190  19:21  Marine x2  
  190  19:23  Marauder  
  190  19:24  Marauder x3  
  200  19:43  Missile Turret  
  200  19:48  Refinery  
  200  19:50  Refinery  
  186  20:24  Command Center  
  140  20:54  Siege Tank x2  
  140  20:55  Siege Tank  
  140  20:56  Marauder x4  
  140  20:57  Marauder x2, Marine  
  149  20:58  Marine  
  149  20:59  Planetary Fortress  
  149  21:01  SCV x4  
  153  21:07  Liberator x2  
  159  21:13  SCV x3  
  159  21:14  SCV  
  159  21:15  Marine  
  159  21:16  Marine  
  159  21:18  Marauder x6  
  177  21:25  SCV x2  
  177  21:26  SCV x2, Siege Tank x2  
  177  21:27  Siege Tank  
  190  21:33  Marine  
  190  21:37  SCV  
  190  21:38  SCV  
  190  21:39  Marauder x2  
  197  21:50  Liberator  
  197  21:52  Missile Turret  
  200  21:59  Refinery  
  200  22:00  Refinery  
  200  22:21  Command Center  
  196  22:33  Fusion Core  
Show
View Real Time Build Order
Export as new Build Order

qqq Zerg - Winner!

Build Orders: Hatch First 

Get SALT Encoding   

  12  0:00  Drone  
  13  0:11  Drone  
  14  0:40  Hatchery  
  13  0:44  Overlord  
  13  0:52  Drone  
  14  1:13  Drone x2  
  14  1:14  Spawning Pool  
  14  1:17  Extractor  
  14  1:20  Drone  
  15  1:38  Drone x2  
  17  1:55  Drone  
  17  1:56  Drone  
  17  1:58  Drone  
  20  2:01  Queen  
  20  2:06  Queen  
  24  2:10  Drone  
  24  2:14  Drone  
  26  2:19  Drone  
  26  2:22  Zergling x2  
  28  2:27  Overlord  
  28  2:33  Metabolic Boost  
  28  2:51  Zergling x6  
  28  2:52  Zergling x4  
  33  3:05  Zergling x2  
  34  3:06  Zergling x2  
  35  3:16  Zergling x4, Baneling Nest  
  35  3:17  Overlord  
  35  3:18  Overlord  
  36  3:36  Zergling x2  
  36  3:37  Zergling x2  
  36  3:40  Drone  
  39  3:43  Zergling x2  
  39  3:46  Hatchery  
  39  3:49  Zergling x2  
  39  3:51  Drone x2  
  39  3:55  Zergling x2  
  41  4:03  Zergling x4  
  41  4:04  Zergling x2  
  42  4:23  Zergling x4  
  42  4:24  Zergling x8  
  42  4:28  Drone x3  
  45  4:35  Zergling x2  
  46  4:39  Baneling x5  
  46  4:45  Drone  
  47  4:48  Lair  
  47  4:55  Zergling x2  
  47  4:56  Drone  
  49  5:02  Queen  
  49  5:03  Drone  
  49  5:04  Overlord  
  48  5:22  Baneling x2  
  48  5:23  Baneling, Zergling x4  
  48  5:24  Drone x3, Zergling x2  
  48  5:25  Drone x2  
  48  5:26  Drone  
  48  5:28  Drone  
  57  5:37  Zergling x8  
  57  5:38  Drone  
  48  6:19  Baneling  
  48  6:20  Drone, Baneling x3  
  48  6:21  Drone x8  
  48  6:22  Drone  
  58  6:26  Drone  
  58  6:27  Drone x5  
  58  6:28  Extractor  
  58  6:30  Baneling  
  58  6:31  Baneling x3  
  63  6:46  Roach Warren  
  62  6:49  Extractor x2  
  62  6:51  Extractor  
  62  6:52  Extractor  
  58  6:57  Overlord x2  
  58  6:58  Overlord x3  
  58  6:59  Drone x5  
  58  7:00  Drone  
  64  7:16  Drone  
  64  7:17  Zergling x2  
  64  7:18  Evolution Chamber  
  65  7:25  Hatchery  
  64  7:34  Roach x3  
  64  7:35  Roach x4  
  64  7:36  Drone x3  
  81  7:44  Spine Crawler  
  80  7:59  Hatchery, Roach x8  
  80  8:01  Drone x2  
  80  8:02  Ravager x2  
  80  8:03  Ravager x4  
  103  8:05  Ravager  
  104  8:13  Roach  
  104  8:14  Overlord  
  104  8:17  Zerg Ground Armor Level 1  
  106  8:23  Evolution Chamber  
  106  8:24  Infestation Pit  
  106  8:25  Roach  
  106  8:27  Overlord  
  106  8:28  Overlord  
  106  8:31  Overlord  
  106  8:32  Overlord x2  
  106  8:43  Drone, Roach x2  
  106  8:44  Drone x3  
  106  8:47  Glial Reconstitution  
  114  8:50  Hydralisk Den  
  114  8:52  Roach x2  
  114  8:53  Drone, Roach x2  
  122  8:58  Zerg Melee Weapons Level 1  
  122  9:02  Hive  
  122  9:03  Drone  
  122  9:04  Drone  
  124  9:22  Drone x3  
  124  9:23  Drone x3  
  134  9:24  Roach x5  
  134  9:25  Roach  
  134  9:27  Roach  
  144  9:33  Drone x3  
  144  9:36  Spine Crawler  
  144  9:38  Drone, Spore Crawler  
  145  9:40  Roach  
  145  9:42  Roach  
  145  9:43  Roach  
  145  9:45  Roach  
  154  9:50  Centrifical Hooks  
  154  9:54  Roach x3  
  154  9:57  Ravager x3  
  111  10:23  Roach x4  
  111  10:24  Roach x2  
  111  10:25  Roach x8  
  111  10:26  Roach  
  133  10:43  Roach x2  
  133  10:44  Roach x3  
  129  10:53  Roach  
  129  10:54  Roach x3  
  129  10:55  Roach  
  128  10:59  Zerg Ground Armor Level 2  
  128  11:01  Zerg Missile Weapons Level 1  
  124  11:04  Hatchery  
  124  11:07  Ultralisk Cavern, Muscular Augments  
  124  11:10  Roach x4  
  124  11:11  Roach  
  128  11:24  Drone x4  
  128  11:25  Roach x4  
  140  11:26  Roach x2  
  144  11:35  Lurker Den  
  144  11:37  Spine Crawler, Spore Crawler  
  144  11:38  Queen  
  115  12:01  Roach x7  
  105  12:02  Roach x4  
  105  12:03  Roach x7  
  133  12:17  Roach x2  
  133  12:18  Drone x3  
  136  12:24  Extractor  
  136  12:25  Extractor, Anabolic Synthesis  
  136  12:28  Zergling x2  
  136  12:29  Zergling x10  
  140  12:30  Roach x2  
  140  12:35  Drone x3  
  140  12:36  Drone  
  148  12:42  Drone  
  149  12:55  Zerg Melee Weapons Level 2  
  121  13:06  Roach x3  
  121  13:07  Ultralisk x2, Roach x2  
  143  13:14  Hatchery  
  139  13:26  Roach x6  
  147  13:27  Ultralisk x2  
  152  13:44  Pneumatized Carapace  
  152  13:46  Hydralisk, Overseer  
  152  13:47  Hydralisk x2  
  158  13:52  Drone x4  
  158  13:53  Drone x5  
  159  14:23  Hatchery  
  158  14:24  Overlord x3  
  158  14:25  Overlord x6  
  158  14:31  Chitinous Plating, Zerg Ground Armor Level 3  
  158  14:32  Spire  
  158  14:36  Roach x2  
  153  14:46  Ultralisk  
  153  14:47  Drone x5  
  153  14:48  Drone  
  165  14:56  Zergling x2  
  165  14:57  Zergling x4  
  165  14:58  Drone x3  
  163  15:24  Ultralisk x2  
  163  15:25  Hydralisk x4, Zergling x4  
  163  15:26  Drone x2  
  163  15:27  Drone x6  
  153  15:36  Roach x3  
  153  15:40  Drone  
  153  15:42  Spine Crawler  
  135  15:43  Spine Crawler  
  135  15:45  Spine Crawler  
  135  15:46  Spine Crawler  
  135  15:47  Spine Crawler  
  135  15:48  Hydralisk x2  
  135  15:54  Greater Spire  
  135  15:56  Zerg Melee Weapons Level 3  
  135  15:59  Hydralisk x2  
  135  16:03  Zergling x6  
  142  16:09  Drone x7  
  142  16:10  Drone  
  150  16:13  Drone  
  150  16:14  Drone x2  
  153  16:23  Extractor  
  153  16:24  Drone x4, Extractor  
  155  16:28  Spine Crawler  
  155  16:29  Spine Crawler x2  
  155  16:30  Spore Crawler  
  151  16:33  Ultralisk  
  151  16:39  Lurker x3  
  159  16:42  Lurker  
  154  16:49  Zergling x14  
  158  17:02  Drone x6  
  158  17:03  Drone x2  
  158  17:07  Queen  
  168  17:09  Drone x4  
  172  17:17  Spore Crawler x2  
  172  17:22  Hydralisk x5  
  147  17:46  Ultralisk x2  
  147  17:47  Zergling x4, Ultralisk  
  147  17:48  Zergling x8  
  147  17:50  Drone x2, Zergling x2  
  147  17:51  Zergling x14  
  162  17:52  Zergling x4  
  159  17:59  Extractor  
  159  18:00  Extractor  
  159  18:01  Extractor  
  159  18:02  Extractor  
  155  18:11  Ultralisk  
  155  18:12  Zergling x6  
  164  18:13  Zergling x4  
  164  18:16  Lurker x4  
  172  18:20  Drone x4  
  172  18:21  Overlord  
  172  18:22  Zergling x6  
  174  18:42  Corruptor x4  
  174  18:43  Corruptor  
  184  19:13  Spine Crawler, Zerg Flyer Weapons Level 1  
  184  19:14  Corruptor x3  
  189  19:17  Brood Lord x2  
  193  19:26  Hatchery  
  192  19:51  Brood Lord  
  192  19:52  Brood Lord x3  
  200  19:58  Zerg Missile Weapons Level 2  
  173  20:45  Brood Lord x2  
  173  20:46  Ultralisk  
  173  20:47  Ultralisk x2  
  173  20:48  Corruptor  
  173  20:49  Corruptor  
  199  20:52  Seismic Spines  
  199  20:57  Drone  
  200  21:53  Spine Crawler  
  199  21:54  Spine Crawler, Spore Crawler  
  199  21:55  Spine Crawler, Spore Crawler  
  199  21:56  Spine Crawler  
  199  21:59  Spine Crawler  
  199  22:00  Spine Crawler  
  178  22:04  Corruptor x5  
  178  22:05  Corruptor x4  
  187  22:32  Spore Crawler  
  187  22:34  Spine Crawler  
  187  22:36  Spine Crawler  
  187  22:37  Spine Crawler, Spore Crawler  
Tags
 
Add a new tag
Caveats
  • Supply blocks, unpowered buildings, or Contaminate may cause inaccurate times.
  • Supply counts are checked every 10 seconds.